 Dungeon Crawl Stone Soup version 0.19.3-4-gbf9329e (webtiles) character file.

146 theAP the Skirmisher (level 5, -6/43 HPs)
             Began as a Formicid Fighter on Jan 27, 2017.
             Mangled by an ogre
             ... wielding a +0 giant spiked club
              (18 damage)
             ... on level 4 of the Dungeon.
             The game lasted 00:03:49 (2276 turns).

theAP the Skirmisher (Formicid Fighter)             Turns: 2276, Time: 00:03:50

Health: -6/43      AC:  9    Str: 21    XL:     5   Next: 53%
Magic:  5/5        EV:  5    Int:  8    God:
Gold:   167        SH:  9    Dex: 10    Spells: 0 memorised, 4 levels left

rFire  . . .     SeeInvis +     v - +0 falchion (vamp)
rCold  . . .     Gourm    .     q - +0 chain mail
rNeg   . . .     Faith    .     c - +0 shield
rPois  .         Spirit   .     (helmet unavailable)
rElec  .         Reflect  .     (no cloak)
rCorr  .         Harm     .     (no gloves)
MR     .....                    (no boots)
Stlth  ..........               (no amulet)
                                (no ring)
                                (no ring)

@: no status effects
A: permanent stasis, dig shafts and tunnels, four strong arms, antennae 3
a: Dig, Shaft Self


You were on level 4 of the Dungeon.
You were not hungry.

You visited 1 branch of the dungeon, and saw 4 of its levels.

You collected 167 gold pieces.

Inventory:

Hand Weapons
 a - a +0 long sword
 v - a +0 vampiric falchion (weapon)
Armour
 b - a +0 scale mail
 c - a +0 shield (worn)
 q - a +0 chain mail (worn)
Scrolls
 g - 2 scrolls of immolation {unknown}
 k - a scroll of enchant weapon {unknown}
 m - a scroll of teleportation {unknown}
 o - a scroll of fog {unknown}
 p - a scroll of identify {unknown}
 s - a scroll of enchant armour {unknown}
Potions
 d - a potion of might
 e - a potion of lignification {unknown}
 j - a potion of curing {unknown}
 l - a potion of invisibility {unknown}
 n - 2 potions of brilliance {unknown}
 r - 2 potions of ambrosia {unknown}
 t - 2 potions of heal wounds {unknown}
 u - a potion of cancellation {unknown}
Comestibles
 i - a meat ration


   Skills:
 + Level 4.6 Fighting
 * Level 4.4 Long Blades
 - Level 3.2 Armour
 - Level 3.6 Shields


You had 4 spell levels left.
You didn't know any spells.

Dungeon Overview and Level Annotations

Branches:
Dungeon (4/15)
 Temple: D:4-7

Altars:


Innate Abilities, Weirdness & Mutations

You are under a permanent stasis effect.
You can dig through walls and to a lower floor.
Your four strong arms can wield two-handed weapons with a shield.
You have a pair of large antennae on your head. (SInv)


Message History

The ogre is severely wounded.
The adder bites you but does no damage.
You hit the ogre.
The ogre is almost dead.
The ogre hits you with a giant spiked club!
* * * LOW HITPOINT WARNING * * *
The adder bites you but does no damage.
You are too injured to fight recklessly!
You are too injured to fight recklessly!
You are too injured to fight recklessly!
You hit the ogre.
You feel better.
The ogre is almost dead.
The adder bites you but does no damage. You block the ogre's attack.
You block the adder's attack.
You barely miss the ogre.
The ogre is almost dead.
The adder barely misses you.
You riposte.
You hit the adder.
The adder is heavily wounded.
The ogre hits you with a giant spiked club!!
You die...

#......... .
#......... ..
#......... ...
#......... ....
#.........
.....#.........
..>...O.S......
#@##### #.....#
#.....# #<....#
####### { {


You could see an ogre and an adder.

Vanquished Creatures
  An orc wizard (D:3)
  2 adders
  3 oozes
  5 worms
  A dart slug (D:1)
  A leopard gecko (D:1)
  10 orcs (D:3)
  3 ball pythons
  3 bats
  2 giant cockroaches
  6 goblins
  5 hobgoblins
  4 jackals (D:2)
  3 quokkas (D:3)
  2 frilled lizards (D:3)
  8 kobolds
  3 rats (D:3)
62 creatures vanquished.

Notes
Turn   | Place    | Note
-------+----------+-------------------------------------------
     0 | D:1      | theAP the Formicid Fighter began the quest for the Orb.
     0 | D:1      | Reached XP level 1. HP: 18/18 MP: 1/1
   264 | D:1      | Reached XP level 2. HP: 24/24 MP: 2/2
   673 | D:2      | Reached XP level 3. HP: 17/29 MP: 3/3
  1168 | D:2      | Reached XP level 4. HP: 37/37 MP: 4/4
  1635 | D:3      | Reached XP level 5. HP: 42/43 MP: 5/5
  2265 | D:4      | Noticed an ogre
  2276 | D:4      | Mangled by an ogre

Skill      XL: |  1  2  3  4 |
---------------+-------------+-----
Long Blades    | 3 4 |  4.4
Fighting       | 4 |  4.6
Armour         | |  3.2
Shields        | |  3.6

Action                   |  1- 3 |  4- 6 || total
-------------------------+-------+-------++-------
Melee: Long sword        |    81 |   127 ||   208
       Falchion          |       |    28 ||    28
  Eat: Chunk             |       |     4 ||     4
       Fruit             |       |     3 ||     3
       Bread ration      |       |     1 ||     1
Armor: Scale mail        |    30 |     2 ||    32
       Chain mail        |       |    44 ||    44
Dodge: Dodged            |    20 |    30 ||    50
Block: Shield            |    34 |    83 ||   117
       Rpst.: Long sword |     6 |     7 ||    13
       Falchion          |       |     4 ||     4
